AoeStats
← Don Pepino Sonrisa

Arabia

507452985Analyzed
1v1 RM · 14d ago on Sep 18, 2026· 53m 43s· 2 players
Game mode
Random Map
Map size
Tiny (2 player)
Population
200
Speed
Normal
Resources
Standard
Victory
Conquest
Starting age
Dark Age
Ending age
Imperial Age
RankedLock teamsTeams togetherTeam positionsShared explorationLock speedFull tech treeHidden civsTurbo modeCheats
Victory
Defeat
🇰🇷 Wei · South Korea
1681
+14
🇨🇴 Chinese · Colombia
1640
-14
Dr evil
0:26 Loom
8:57 Feudal Age
9:46 Double-Bit Axe
10:03 Horse Collar
18:47 Castle Age
17:20 Fletching
17:34 Gold Mining
18:49 Bloodlines
19:48 Bodkin Arrow
20:40 Bow Saw
21:46 Ballistics
22:16 Husbandry
22:27 Padded Archer Armor
24:57 Leather Archer Armor
27:48 Thumb Ring
28:41 Wheelbarrow
33:55 Imperial Age
34:38 Bracer
35:40 Chemistry
37:54 Ring Archer Armor
39:47 Conscription
41:10 Heavy Cavalry Archer
43:07 Light Cavalry
43:53 Scale Barding Armor
43:58 Forging
45:28 Two-Man Saw
46:09 Chain Barding Armor
47:36 Plate Barding Armor
47:37 Iron Casting
Don Pepino Sonrisa
9:12 Feudal Age
8:46 Loom
9:42 Double-Bit Axe
9:48 Horse Collar
16:29 Wheelbarrow
16:58 Gold Mining
17:15 Stone Mining
19:53 Castle Age
18:31 Fletching
18:43 Padded Archer Armor
21:17 Bodkin Arrow
22:20 Leather Archer Armor
22:58 Bow Saw
24:11 Scale Barding Armor
23:55 Town Watch
25:03 Bloodlines
25:13 Husbandry
30:25 Ballistics
32:03 Thumb Ring
32:11 Thumb Ring
40:13 Imperial Age
41:19 Parthian Tactics
40:56 Bracer
42:17 Chemistry
42:16 Ring Archer Armor
43:31 Chain Barding Armor
43:41 Conscription
43:23 Tuntian
43:41 Capped Ram
44:48 Light Cavalry
46:18 Gold Shaft Mining
46:03 Forging
46:12 Hussar
47:29 Iron Casting
48:28 Siege Ram
Connection lost

Rejoining the realm…

Still unreachable

The connection could not be restored.

Session expired

The server has moved on; the page needs a fresh start.